 Dungeon Crawl Stone Soup version 0.15.0-18-g9076a4f (webtiles) character file.

46164 Leibowitz the Spry (level 14, -17/116 HPs)
             Began as a Merfolk Gladiator on Sept 6, 2014.
             Was the Champion of Fedhas.
             Demolished by a dire elephant (25 damage)
             ... on Level 8 of the Lair of Beasts.
             The game lasted 04:37:11 (33180 turns).

Leibowitz the Spry (Merfolk Gladiator)             Turns: 33180, Time: 04:37:11

HP -17/116       AC 14     Str 18      XL: 14   Next: 36%
MP   8/8         EV 27     Int 10      God: Fedhas [******]
Gold 1594        SH  0     Dex 20      Spells:  0 memorised, 13 levels left

rFire  . . .     SeeInvis +     a - +1 trident (antimagic)
rCold  . . .     Clarity  .     d - +3 ring mail {rPois}
rNeg   . . .     rCorr    +     (no shield)
rPois  +         rRot     .     l - +2 hat
rElec  .         Spirit   .     f - +2 cloak {MR+}
SustAb .         Warding  .     (no gloves)
rMut   .         Stasis   .     (no boots)
Gourm  .                        N - amulet of resist corrosion
MR     ++...                    (no ring)
                                J - +2 ring of strength

@: studying Polearms, very resistant to hostile enchantments, stealthy
A: change form in water, swift swim, thin skeletal structure 1, see invisible,
clever 1
a: Evolution, Sunlight, Growth, Reproduction, Rain, Renounce Religion


You were on level 8 of the Lair of Beasts.
You worshipped Fedhas.
Fedhas was exalted by your worship.
You were not hungry.

You visited 4 branches of the dungeon, and saw 24 of its levels.
You also visited: Trove.

You collected 2462 gold pieces.
You spent 868 gold pieces at shops.

Inventory:

Hand weapons
 a - a +1 antimagic trident (weapon)
 b - a +0 blowgun
Missiles
 r - a curare-tipped needle
 t - 18 poisoned needles
Armour
 d - a +3 ring mail of poison resistance (worn)
 f - a +2 cloak of magic resistance (worn)
 l - a +2 hat (worn)
Magical devices
 i - a wand of digging (10)
 m - a wand of paralysis (23)
 o - a wand of disintegration (6)
 s - a wand of polymorph (10)
 z - a wand of teleportation (1)
 C - a wand of confusion (8)
 E - a wand of lightning (0)
Comestibles
 j - 20 fruits
 D - a meat ration
 G - 2 bread rations
Scrolls
 e - 4 scrolls of magic mapping
 g - 4 scrolls of blinking
 u - 15 scrolls of identify
 v - 5 scrolls of remove curse
 y - a scroll of vulnerability
 B - 5 scrolls of recharging
 F - 2 scrolls of fear
 H - 3 scrolls of teleportation
 K - a scroll of fog
 M - a scroll of enchant armour
Jewellery
 J - a +2 ring of strength (left hand)
 N - an amulet of resist corrosion (around neck)
Potions
 c - a potion of invisibility
 h - 2 potions of magic
 k - 4 potions of brilliance
 n - 2 potions of restore abilities
 q - a potion of agility
 x - a potion of haste
 A - a potion of cancellation
 I - 2 potions of curing
 L - a potion of flight
 O - a potion of confusion {unknown}
Books
 w - a manual of Polearms
Miscellaneous
 p - a phial of floods


   Skills:
 * Level 12.9 Fighting
 + Level 16.3 Polearms
 - Level 2.0 Throwing
 + Level 4.5 Armour
 * Level 19.0 Dodging
 + Level 6.9 Stealth
 * Level 7.0 Invocations
 + Level 1.3 Evocations


You had 13 spell levels left.
You didn't know any spells.

Dungeon Overview and Level Annotations

Branches:
Dungeon (11/15)               Orc (4/4) D:9            Lair (8/8) D:10
 Shoals (1/5) Lair:6        Snake (0/5) Lair:5        Slime (0/6) Lair:8
 Temple: D:4-7          Elf: Orc:3-4

Altars:
Ashenzari
Cheibriados
Dithmenos
Elyvilon
Fedhas
Kikubaaqudgha
Makhleb
Nemelex Xobeh
Qazlal
Sif Muna
Trog
Vehumet
Yredelemnul
Zin
The Shining One
Beogh
Jiyva

Shops:
D:4 *   D:7 !   Orc:1 [   Orc:3 [

Annotations:
D:10 elenap21's ghost, powerful DrCj
Lair:2 exclusion: crocodile, Gastronok; Harold; Nergalle


Innate Abilities, Weirdness & Mutations

You revert to your normal form in water.
You are very nimble and swift while swimming.
You have a somewhat thin skeletal structure (Dex +2, Stealth).
You have supernaturally acute eyesight.
Your mind is acute. (Int +2)


Message History

The dire elephant tramples you.
* * * LOW HITPOINT WARNING * * *
You hold your ground!
The dire elephant misses you.
You hit the dire elephant but do no damage.
The dire elephant is heavily wounded.
You hit the dire elephant but do no damage.
The dire elephant is heavily wounded.
The dire elephant tramples you but does no damage.
The dire elephant barely misses you.
You puncture the dire elephant!
The dire elephant is heavily wounded.
You hit the dire elephant.
The dire elephant is heavily wounded.
The dire elephant closely misses you.
The dire elephant completely misses you.
You hit the dire elephant.
The dire elephant is heavily wounded.
The dire elephant tramples you!!
You die...
Fedhas appreciates your contribution to the ecosystem.

.......#PP#........P...........#.
....P..PPP#.......P...........#.P
.......P.PP.....................P
.......P.PP......................
........P.P.................PP...
............................PPP..
....P.P...P.#..........<...P.P...
...#......##....Y..P.#....P.P.#+.
..P###...###...P@..P#..#.........
...##...#.##...##.....#.PPP..#...
....#....#.....#........PP.......
................#......##...#....
..#............P#.......#........
....#....###..PP##..#.......#....
.....P.....P..PPP.#..P.P#..P.#.#.
.........#PP...P..#.....P........
...P.....................PP......


You could see a dire elephant.

Vanquished Creatures
  An anaconda (Lair:8)
  6 hydras
  Erica (Orc:4)
  An unseen horror (D:9)
  Pikel (D:4)
  A griffon (Lair:6)
  A manticore (Shoals:1)
  2 orc sorcerers (Orc:3)
  Joseph (Orc:3)
  3 black mambas
  The ghost of MDvedh the Cleaver, an experienced HODK of Yredelemnul (D:7)
  10 spiny frogs
  Psyche (D:11)
  The ghost of salade2fruit the Chopper, an experienced OpBe of Trog (D:4)
  A fire drake (Lair:3)
  A spriggan druid (Lair:4)
  A wind drake (Shoals:1)
  4 komodo dragons
  3 polar bears (Lair:4)
  A queen bee (D:9)
  A troll (D:10)
  Sonja (Orc:3)
  11 blink frogs
  2 basilisks (Lair:4)
  A shadow (D:9)
  2 wraiths (D:8)
  2 wyverns
  A wandering mushroom (Lair:1)
  28 yaks
  A hungry ghost (D:9)
  A soldier ant (D:10)
  4 hippogriffs
  2 nagas (Lair:5)
  2 wargs
  17 porcupines
  An ice beast (D:5)
  15 orc warriors
  31 water moccasins
  A sky beast (D:8)
  A phantom (D:8)
  7 wolves
  A yellow wasp (D:10)
  3 black bears
  An orange rat (Lair:5)
  14 ogres
  11 crocodiles
  6 centaurs
  Sigmund (D:6)
  Duvessa (D:8)
  2 big kobolds
  A brain worm (Lair:4)
  17 giant frogs
  A water moccasin skeleton (D:4)
  16 killer bees
  3 scorpions
  3 wights (D:8)
  A troll zombie (D:9)
  A hippogriff skeleton (D:9)
  A troll skeleton (D:9)
  A spriggan skeleton (D:9)
  An electric eel (Lair:3)
  3 crimson imps
  A lava snake (Lair:4)
  Dowan (D:8)
  2 quasits
  6 jellies
  28 orc wizards
  4 human zombies (D:8)
  8 hounds
  3 human skeletons (D:8)
  23 orc priests
  2 centaur skeletons
  14 iguanas
  9 worker ants
  A killer bee zombie (D:10)
  19 sheep
  Ijyb (D:3)
  7 ogre zombies
  A mummy (D:8)
  11 gnolls
  32 adders
  63 green rats
  A giant mite (D:5)
  A shadow imp (D:9)
  4 worms
  4 giant geckos
  141 orcs
  A ball python (D:8)
  17 bats
  13 goblins
  16 hobgoblins
  6 jackals
  9 quokkas
  4 giant cockroaches
  A giant cockroach zombie (D:6)
  3 giant newts
  2 goblin skeletons (D:9)
  2 goblin zombies (D:9)
  3 hobgoblin zombies (D:9)
  22 kobolds
  A kobold skeleton (D:6)
  3 orc skeletons
  11 orc zombies
  A quokka zombie (D:8)
  18 rats
  A rat zombie (D:7)
784 creatures vanquished.

Vanquished Creatures (collateral kills)
  2 hydras
  A sea snake (Shoals:1)
  A griffon (Lair:7)
  5 spiny frogs
  A manticore (Lair:6)
  3 komodo dragons (Lair:3)
  A fire drake (Lair:4)
  3 blink frogs
  10 yaks
  A hippogriff (Lair:6)
  A porcupine (Lair:5)
  2 nagas (Lair:5)
  5 water moccasins
  3 sky beasts
  2 phantoms (D:9)
  2 orc warriors
  2 ogres
  3 giant frogs
  A gnoll sergeant (D:6)
  8 killer bees
  A spriggan skeleton (D:9)
  3 wandering mushrooms
  3 crimson imps
  A goliath beetle (D:9)
  2 jellies
  2 orc priests
  2 orc wizards
  5 iguanas
  4 orange rats (Lair:5)
  A spectral orc (Lair:2)
  7 sheep
  A hound zombie (D:8)
  A mummy (D:8)
  3 adders (Lair:2)
  4 gnolls (D:6)
  22 green rats
  23 orcs
  A jackal (D:5)
  2 quokkas
  2 giant spores
  An orc skeleton (Orc:4)
  A toadstool (Lair:1)
149 creatures vanquished.

Vanquished Creatures (others)
  An oklob plant (D:9)
  2 hyperactive ballistomycetes
  A crocodile (Lair:1)
  31 wandering mushrooms
  An orc wizard (D:8)
  A giant mite (D:4)
  An orc (Orc:3)
  A giant spore (D:8)
  A butterfly (D:10)
  A fungus (Lair:8)
  2 plants (Lair:8)
  568 toadstools
611 creatures vanquished.

Grand Total: 1544 creatures vanquished

Notes
Turn   | Place    | Note
--------------------------------------------------------------
     0 | D:1      | Leibowitz, the Merfolk Gladiator, began the quest for the Orb.
     0 | D:1      | Reached XP level 1. HP: 16/16 MP: 1/1
    17 | D:1      | Reached XP level 2. HP: 15/22 MP: 2/2
   285 | D:1      | Found a glowing golden altar of the Shining One.
   443 | D:1      | Reached skill level 5 in Polearms
   678 | D:2      | Reached XP level 3. HP: 18/28 MP: 3/3
  1327 | D:2      | Reached XP level 4. HP: 29/34 MP: 4/4
  1876 | D:3      | Found a basalt altar of Yredelemnul.
  2073 | D:3      | Reached skill level 5 in Dodging
  2216 | D:3      | Found a burning altar of Makhleb.
  2216 | D:3      | Found a glowing silver altar of Zin.
  2217 | D:3      | Found a blossoming altar of Fedhas.
  2219 | D:3      | Found a deep blue altar of Sif Muna.
  2221 | D:3      | Found a shattered altar of Ashenzari.
  2221 | D:3      | Found a white marble altar of Elyvilon.
  2221 | D:3      | Found a radiant altar of Vehumet.
  2242 | D:3      | Became a worshipper of Fedhas Madash
  2339 | D:3      | Found a shadowy altar of Dithmenos.
  2342 | D:3      | Reached XP level 5. HP: 41/41 MP: 5/5
  2381 | D:3      | Noticed Ijyb
  2399 | D:3      | Killed Ijyb
  2399 | D:3      | Reached skill level 6 in Polearms
  2521 | D:3      | Reached skill level 1 in Stealth
  2760 | D:4      | Found a bloodstained altar of Trog.
  2760 | D:4      | Noticed a slave
  2760 | D:4      | Noticed a slave
  2762 | D:4      | Noticed Pikel
  3116 | D:4      | Noticed an ogre
  3128 | D:4      | Killed an ogre
  3128 | D:4      | Reached skill level 1 in Armour
  3128 | D:4      | Reached XP level 6. HP: 46/48 MP: 6/6
  3164 | D:4      | Reached skill level 7 in Polearms
  3262 | D:4      | Noticed salade2fruit's ghost (experienced OpBe)
  3402 | D:4      | Noticed an ogre
  3412 | D:4      | Killed an ogre
  3412 | D:4      | Reached XP level 7. HP: 54/54 MP: 7/7
  3440 | D:4      | Found a snail-covered altar of Cheibriados.
  3615 | D:4      | Noticed a slave
  3616 | D:4      | Noticed a slave
  3654 | D:4      | Killed Pikel
  3654 | D:4      | Reached skill level 5 in Fighting
  3654 | D:4      | Reached skill level 8 in Polearms
  3654 | D:4      | Reached XP level 8. HP: 31/62 MP: 8/8
  3883 | D:4      | Found Boural's Assorted Antiques.
  3975 | D:5      | Entered Level 5 of the Dungeon
  4114 | D:5      | Reached skill level 9 in Dodging
  4565 | D:5      | Acquired Fedhas' first power
  5100 | D:6      | Reached skill level 10 in Dodging
  5224 | D:6      | Gained mutation: You have supernaturally acute eyesight. [potion of mutation]
  5224 | D:6      | Gained mutation: You have a somewhat thin skeletal structure (Dex +2, Stealth). [potion of mutation]
  5224 | D:6      | Gained mutation: Your mind is acute. (Int +2) [potion of mutation]
  5230 | D:6      | Reached XP level 9. HP: 59/69 MP: 9/9
  5411 | D:6      | Noticed Sigmund
  5447 | D:6      | Killed Sigmund
  5638 | D:6      | Found a stormy altar of Qazlal.
  5803 | D:6      | Acquired Fedhas' second power
  6186 | D:7      | Found a sparkling altar of Nemelex Xobeh.
  6360 | D:7      | Reached skill level 10 in Polearms
  6488 | D:7      | Noticed MDvedh's ghost (experienced HODK)
  6584 | D:7      | Reached skill level 11 in Dodging
  7002 | D:7      | Found Yraezoeb's Distillery.
  7214 | D:4      | Bought a scroll labeled KLUORO MUAWK for 26 gold pieces
  7214 | D:4      | Bought an encrusted opal ring for 130 gold pieces
  7407 | D:7      | Killed MDvedh's ghost
  7407 | D:7      | Reached XP level 10. HP: 28/80 MP: 10/10
  7729 | D:4      | Killed salade2fruit's ghost
  7729 | D:4      | Reached skill level 12 in Dodging
  8830 | D:8      | Found an ancient bone altar of Kikubaaqudgha.
  9108 | D:8      | Acquired Fedhas' third power
  9483 | D:8      | Noticed Duvessa
  9483 | D:8      | Noticed Dowan
  9496 | D:8      | Killed Dowan
  9517 | D:8      | Killed Duvessa
 10291 | D:9      | Found a staircase to the Orcish Mines.
 10321 | D:9      | Reached skill level 13 in Dodging
 10857 | D:9      | Reached skill level 1 in Invocations
 11253 | D:9      | Reached XP level 11. HP: 45/89 MP: 10/13
 11976 | D:9      | Reached skill level 14 in Dodging
 12519 | D:9      | Found a blossoming altar of Fedhas.
 12990 | D:9      | Noticed an unseen horror
 13022 | D:9      | Killed an unseen horror
 13451 | D:10     | Entered Level 10 of the Dungeon
 13515 | D:10     | Noticed elenap21's ghost (powerful DrCj)
 14544 | D:10     | Reached skill level 10 in Fighting
 14616 | D:10     | Acquired Fedhas' fourth power
 14760 | D:10     | Found a staircase to the Lair.
 14791 | Lair:1   | Entered Level 1 of the Lair of Beasts
 15517 | Lair:1   | Got an encrusted mace
 15518 | Lair:1   | Identified the cursed +2 mace of Ateaxav {venom, rF+ rC-} (You found it on level 1 of the Lair of Beasts)
 15801 | Lair:1   | Noticed a four-headed hydra
 15822 | Lair:1   | Killed a four-headed hydra
 15822 | Lair:1   | Reached skill level 15 in Dodging
 16549 | Lair:2   | Reached skill level 1 in Evocations
 17132 | Lair:2   | Reached skill level 5 in Stealth
 17156 | Lair:2   | Reached XP level 12. HP: 46/98 MP: 17/17
 18147 | Lair:2   | Reached skill level 16 in Dodging
 18280 | Lair:2   | Noticed Gastronok
 18334 | Lair:2   | Noticed Nergalle
 18599 | Lair:1   | HP: 4/99 [spiny frog (8)]
 19112 | Orc:1    | Entered Level 1 of the Orcish Mines
 19210 | Orc:1    | Found Pykhoeso's Armour Emporium.
 19235 | Orc:1    | Bought a +3 ring mail of poison resistance for 368 gold pieces
 19235 | Orc:1    | Bought a +2 cloak of magic resistance for 344 gold pieces
 19866 | Orc:1    | Acquired Fedhas' fifth power
 20407 | Orc:1    | Found a roughly hewn altar of Beogh.
 20501 | Orc:1    | Found a bloodstained altar of Trog.
 20687 | Orc:3    | Found Zainuum's Antique Armour Shop.
 21163 | Orc:3    | Noticed Joseph
 21191 | Orc:3    | Killed Joseph
 22206 | Orc:4    | Entered Level 4 of the Orcish Mines
 22396 | Orc:4    | Noticed Sonja
 22400 | Orc:4    | Noticed Erica
 22465 | Orc:3    | Killed Sonja
 22660 | Orc:4    | Noticed an orc warlord
 22672 | Orc:4    | Killed Erica
 22672 | Orc:4    | Reached skill level 17 in Dodging
 23327 | D:11     | Noticed Psyche
 23342 | D:11     | Killed Psyche
 23491 | D:11     | Found a portal to a secret trove of treasure.
 24220 | D:11     | You paid a toll of 2 potions of cure mutation to enter a treasure trove
 24221 | Trove    | Entered a treasure trove
 24293 | Trove    | Identified a +5 rod of ignition (10/10) (You found it in a treasure trove)
 24294 | Trove    | Identified a +2 rod of destruction (13/13) (You found it in a treasure trove)
 24295 | Trove    | Identified a +1 rod of striking (10/10) (You found it in a treasure trove)
 24296 | Trove    | Identified a scroll of acquirement
 24540 | Lair:2   | Noticed Harold
 24871 | Lair:3   | Reached XP level 13. HP: 106/106 MP: 5/20
 25003 | Lair:3   | Upgraded the game from 0.15.0-16-gce31824 to 0.15.0-18-g9076a4f
 26676 | Lair:4   | Reached skill level 5 in Invocations
 27302 | Lair:4   | Reached skill level 18 in Dodging
 27473 | Lair:5   | Found a staircase to the Snake Pit.
 27969 | Lair:5   | Reached skill level 15 in Polearms
 29252 | Lair:6   | Found a staircase to the Shoals.
 29370 | Shoals:1 | Entered Level 1 of the Shoals
 30674 | Lair:7   | Reached XP level 14. HP: 80/116 MP: 8/24
 31859 | Lair:8   | Entered Level 8 of the Lair of Beasts
 32138 | Lair:8   | Found a staircase to the Slime Pits.
 32139 | Lair:8   | Found a viscous altar of Jiyva.
 32998 | Lair:8   | Reached skill level 19 in Dodging
 33180 | Lair:8   | Demolished by a dire elephant

Action                   |  1- 3 |  4- 6 |  7- 9 | 10-12 | 13-15 || total
-------------------------+-------+-------+-------+-------+-------++-------
Melee: Trident           |   101 |   206 |   509 |  2117 |  1370 ||  4303
       Glaive            |       |       |    22 |    89 |       ||   111
 Fire: Blowgun           |       |    16 |    29 |    80 |       ||   125
Throw: Throwing net      |       |       |     2 |     2 |       ||     4
Invok: Evolution         |       |       |     3 |    19 |    21 ||    43
       Sunlight          |       |       |     1 |     6 |       ||     7
       Growth            |       |       |       |     2 |     1 ||     3
       Reproduction      |       |       |       |     1 |     1 ||     2
       Rain              |       |       |       |     1 |     3 ||     4
Evoke: Wand              |       |       |     4 |    12 |     3 ||    19
       Phial of floods   |       |       |       |     1 |       ||     1
  Use: Potion            |       |     5 |     4 |    10 |       ||    19
       Scroll            |       |       |    13 |    11 |     1 ||    25
 Stab: Sleeping          |     1 |     3 |     4 |    18 |    16 ||    42
       Held in net/web   |       |       |     3 |     1 |       ||     4
       Confused          |       |       |     2 |    25 |    27 ||    54
       Distracted        |       |       |       |     8 |     8 ||    16
       Invisible         |       |       |       |     4 |       ||     4
  Eat: Chunk             |     1 |     5 |       |       |       ||     6
       Beef jerky        |       |     1 |     1 |       |       ||     2
       Bread ration      |       |     1 |     2 |     5 |     4 ||    12
       Royal jelly       |       |       |       |    13 |     1 ||    14
       Meat ration       |       |       |       |     2 |     2 ||     4
       Pizza             |       |       |       |       |     1 ||     1
